cohdb
Replays
Latest Replays
All Replays
Popular Replays
Top Player Replays
Match Explorer
How It Works
Community
CoH3 Stats
Reddit
Sign in to upload your games and track your stats! →
Sign in with Steam
Match 43881009
Unlisted
Match 43881009
Overview
Messages
Build Orders
End
Panzergrenadier Squad
Selects Italian Infantry
Selects Italian Infantry
Panzergrenadier Squad
Construct Light Support Kompanie
MG34 Team
Fire Support Elements
Selects Guastatori Squad
Guastatori Squad
Pak 38 Mechanized Group
2.5-tonne Medical Truck
Selects Registered Artillery
Flakvierling Half-track
Guastatori Squad
Selects Defensive Operations
Pak 38 Anti-tank Gun Team
Flakvierling Half-track
Registered Artillery
Construct Panzerarmee Kommand
Selects Prepared Positions
Flak 36 Anti-tank Gun Team
Registered Artillery
Armored Reserves
Walking Stuka Rocket Launcher
Registered Artillery
Walking Stuka Rocket Launcher
Selects Obice 305mm Barrage
anesdz1300(A.AX)
Rockauto
Bran
DrewP
0
0
Comments
sign in to comment!
No comments posted yet!